 Dungeon Crawl Stone Soup version 0.28-a0-407-g69098e2f6d (webtiles) character file.

Game seed: 5978939279633434016

13322 Armakuni the Carver (level 12, 0/97 HPs)
             Began as a Human Cinder Acolyte on Sept 5, 2021.
             Was an Initiate of Elyvilon.
             Slain by a fire elemental (11 damage)
             ... created by the fiery vengeance of Ignis
             ... in a bailey.
             The game lasted 00:41:28 (15375 turns).

Armakuni the Carver (Human Cinder Acolyte)         Turns: 15375, Time: 00:41:29

Health: 0/97       AC: 15    Str: 23    XL:     12   Next: 31%
Magic:  13/13      EV: 12    Int: 17    God:    Elyvilon [......]
Gold:   71         SH:  0    Dex:  9    Spells: 9/13 levels left

rFire   . . .      SeeInvis +   y - +1 great sword
rCold   . . .      Faith    .   (shield currently unavailable)
rNeg    . . .      Spirit   .   m - +2 leather armour {rPois}
rPois   +          Reflect  .   e - +1 helmet {SInv}
rElec   .          Harm     .   q - +2 cloak {Will+}
rCorr   .          Rampage  .   f - +0 pair of gloves
Will    +....                   d - +2 pair of boots {Stlth+}
Stlth   ++........              A - amulet of the acrobat
HPRegen 0.26/turn               V - +6 ring of strength
MPRegen 0.13/turn               L - ring of flight

@: flying, fire susceptible
A: no striking features
a: Renounce Religion


You were in a bailey.
You worshipped Elyvilon.
Elyvilon was noncommittal.
You visited 2 branches of the dungeon, and saw 13 of its levels.
You also visited: Bailey.

You collected 684 gold pieces.
You spent 613 gold pieces at shops.

Inventory:

Hand Weapons
 a - a +1 falchion of flaming
 b - a +0 hand crossbow
 t - a +0 scimitar
 y - a +1 great sword (weapon)
Missiles
 c - 8 javelins (quivered)
 z - 86 bolts
Armour
 d - a +2 pair of boots of stealth (worn)
 e - a +1 helmet of see invisible (worn)
 f - a +0 pair of gloves (worn)
 m - a +2 leather armour of poison resistance (worn)
 q - a +2 cloak of willpower (worn)
 w - a +0 buckler
Jewellery
 A - an amulet of the acrobat (around neck)
 F - a ring of fire
 L - a ring of flight (right hand)
 V - a +6 ring of strength (left hand)
 W - a ring of wizardry
Wands
 p - a wand of polymorph (7)
Scrolls
 g - a scroll of immolation
 h - a scroll of blinking
 i - 2 scrolls of amnesia
 k - a scroll of enchant weapon
 n - 7 scrolls of teleportation
 u - 6 scrolls of identify
 v - a scroll of holy word
 B - 2 scrolls of enchant armour
Potions
 j - 3 potions of flight
 l - 4 potions of curing
 o - 3 potions of magic
 r - 2 potions of mutation
 s - 3 potions of cancellation


   Skills:
 - Level 10.0 Fighting
 + Level 14.3 Long Blades
 - Level 5.0 Armour
 - Level 3.5 Dodging
 - Level 1.0 Spellcasting
 - Level 3.0 Fire Magic
 - Level 4.0 Evocations


You had 9 spell levels left.
You knew the following spells:

 Your Spells              Type           Power      Damage    Failure   Level
m - Iskenderun's Mystic   Conj/Tloc      0%         2d3       93%         4

Your spell library contained the following spells:

 Spells                   Type           Power      Damage    Failure   Level
 Scorch                   Fire           22%        2d6       11%         2
 Sting                    Tmut/Pois      0%         1d3       24%         1
 Ensorcelled Hibernation  Hex/Ice        0%         N/A       34%         2
 Passwall                 Tmut/Erth      0%         N/A       34%         2
 Slow                     Hex            0%         N/A       34%         2
 Confusing Touch          Hex            0%         N/A       56%         3
 Dazzling Flash           Conj/Hex       0%         N/A       56%         3
 Ozocubu's Armour         Ice            0%         N/A       56%         3
 Spider Form              Tmut/Pois      0%         N/A       56%         3
 Swiftness                Air            0%         N/A       56%         3
 Vampiric Draining        Necr           0%         2d6       56%         3
 Metabolic Englaciation   Hex/Ice        0%         N/A       100%        5
 Dispersal                Tloc           0%         N/A       100%        6
 Invisibility             Hex            0%         N/A       100%        6
 Simulacrum               Ice/Necr       0%         N/A       100%        6
 Starburst                Conj/Fire      2%         6d3       100%        6
 Disjunction              Tloc           0%         N/A       100%        8
 Necromutation            Tmut/Necr      0%         N/A       100%        8


Dungeon Overview and Level Annotations

Branches:
Dungeon (12/15)            Temple (1/1) D:4            Lair (0/6) D:10
    Orc (0/2) D:12         Bailey (1/1)

Altars:
Ashenzari
Cheibriados
Dithmenos
Elyvilon
Fedhas
Gozag
Hepliaklqana
Makhleb
Nemelex Xobeh
Okawaru
Qazlal
Ru
Sif Muna
Trog
Uskayaw
Vehumet
Wu Jian
Xom
Yredelemnul
Zin
The Shining One

Shops:
D:1 [   D:2 [   D:8 !

Annotations:
D:9 exclusions: oklob plant and oklob sapling


Message History

You hit the fire elemental.
The fire elemental is lightly damaged.
The fire elemental hits you. The fire elemental burns you!
The fire elemental hits you. The fire elemental burns you!
The fire elemental hits you. The fire elemental burns you!
The fire elemental barely misses you. The fire elemental hits you.
The fire elemental burns you! The fire elemental hits you.
The fire elemental burns you!
You hit the fire elemental but do no damage.
The fire elemental is lightly damaged.
The fire elemental hits you. The fire elemental burns you!
The fire elemental closely misses you. The fire elemental barely misses you.
You feel much better. The fire elemental hits you.
The fire elemental burns you! The fire elemental hits you.
The fire elemental burns you! The fire elemental hits you.
The fire elemental burns you!
Okay, then.
Unknown command.
Okay, then.
Okay, then.
Unknown command.
Press: ? - help, v - describe, . - travel
Here: a fire elemental (durably summoned)
The floor.
You hit the fire elemental.
The fire elemental is moderately damaged.
The fire elemental hits you. The fire elemental burns you!
The fire elemental hits you. The fire elemental burns you!
The fire elemental hits you. The fire elemental burns you!
* * * LOW HITPOINT WARNING * * *
The fire elemental hits you. The fire elemental burns you!
* * * LOW HITPOINT WARNING * * *
The fire elemental completely misses you.
The fire elemental closely misses you.
You closely miss the fire elemental.
The fire elemental is moderately damaged.
The fire elemental hits you. The fire elemental burns you!
* * * LOW HITPOINT WARNING * * *
The fire elemental hits you. The fire elemental burns you!
You die...

#≈≈⌠..≈≈..≈≈≈≈≈..≈≈)≈)#
#≈≈$.≈≈.≈≈≈...≈≈≈.≈)≈≈)
#≈$..≈.≈≈..⌠.⌠..≈.≈≈.≈)
#≈$$.≈.....∩∩∩..≈))).≈)
#≈$..≈.≈≈..⌠.⌠..≈.≈≈.≈.
#≈≈$.≈≈.≈≈≈...≈≈≈.≈.≈≈.
#≈≈⌠..≈≈..≈≈≈≈≈..≈≈.≈.#
#≈≈.E)≈≈≈.....≈≈≈.≈≈.#
##≈≈.@E.≈≈≈≈≈≈≈..≈≈..#
##≈.E≈≈.......≈≈≈.⌠.#
#≈...≈≈≈≈≈≈≈≈≈....##
#≈............#####
####+##########


You could see 3 fire elementals.

Vanquished Creatures
  A two-headed ogre (D:6)
  6 death yaks
  Pikel (D:4)
  A gargoyle (D:9)
  Maggie (D:7)
  A yaktaur (D:10)
  An orc warrior (D:8)
  11 yaks
  A steam dragon (D:5)
  An acid dragon (D:9)
  Menkaure (D:5)
  A swamp drake (D:5)
  A water moccasin (D:9)
  2 necrophages
  A hornet zombie (D:8)
  5 centaurs
  An ogre (D:7)
  2 phantoms (D:5)
  3 kobold brigands
  3 bullfrogs
  5 scorpions
  A wyvern skeleton (D:7)
  2 water moccasin skeletons
  13 killer bees
  19 wights
  4 howler monkeys
  A bullfrog zombie (D:6)
  Crazy Yiuf (D:2)
  4 centaur zombies
  A hound (D:5)
  3 orc priests
  A jelly (D:7)
  4 iguanas
  2 orc wizards
  A killer bee zombie (D:8)
  3 hound skeletons
  Robin (D:2)
  A howler monkey zombie (D:6)
  A mummy (D:8)
  A howler monkey skeleton (D:6)
  10 gnolls
  13 adders
  2 shadow imps
  2 white imps
  3 ufetubi
  4 dart slugs
  27 orcs
  10 bats
  7 endoplasms
  4 giant cockroaches
  10 hobgoblins
  19 jackals
  6 quokkas
  16 ball pythons
  3 frilled lizards (D:1)
  17 goblins
  15 kobolds
  7 rats
289 creatures vanquished.

Vanquished Creatures (collateral kills)
  2 yaks (D:9)
  A wight (D:8)
  2 orc wizards (D:8)
  An orc (D:8)
6 creatures vanquished.

Vanquished Creatures (others)
  A yak (D:8)
  A black bear (D:8)
  160 foxfires
  2 fungi (D:1)
  10 plants
  2 withered plants (D:8)
176 creatures vanquished.

Grand Total: 471 creatures vanquished

Notes
Turn   | Place    | Note
-------+----------+-------------------------------------------
     0 | D:1      | Armakuni the Human Cinder Acolyte began the quest for the
                  | Orb.
     0 | D:1      | Reached XP level 1. HP: 18/18 MP: 2/2
    60 | D:1      | Reached XP level 2. HP: 22/24 MP: 3/3
    65 | D:1      | Learned a level 2 spell: Scorch
   351 | D:1      | Reached XP level 3. HP: 28/29 MP: 0/4
   411 | D:1      | Found a faded altar of an unknown god.
   447 | D:1      | Got Plato's Almanac of Intoxication
   830 | D:1      | Found Idee's Antique Armour Shop.
  1166 | D:2      | Noticed Robin
  1219 | D:1      | Reached XP level 4. HP: 37/37 MP: 5/5
  1283 | D:1      | Reached skill level 4 in Long Blades
  1316 | D:2      | Killed Robin
  1447 | D:2      | Found Goamufer's Armour Emporium.
  1951 | D:2      | Found a runed translucent door.
  1952 | D:2      | Noticed Crazy Yiuf
  1971 | D:2      | Killed Crazy Yiuf
  1972 | D:2      | Reached XP level 5. HP: 43/43 MP: 6/6
  2745 | D:3      | Reached XP level 6. HP: 43/50 MP: 7/7
  2982 | D:3      | Reached skill level 5 in Long Blades
  2990 | D:3      | Reached skill level 5 in Fighting
  3026 | D:3      | Found a shimmering blue altar of Sif Muna.
  3044 | D:3      | Found a snail-covered altar of Cheibriados.
  3044 | D:3      | Found a blossoming altar of Fedhas.
  3157 | D:3      | Reached skill level 1 in Armour
  3742 | D:4      | Found a staircase to the Ecumenical Temple.
  3795 | Temple   | Entered the Ecumenical Temple
  3958 | D:4      | Reached XP level 7. HP: 28/56 MP: 8/8
  4545 | D:4      | Reached skill level 5 in Armour
  4579 | D:4      | Reached skill level 1 in Evocations
  4664 | D:4      | You fall into a shaft and drop 1 floor!
  4664 | D:5      | Entered Level 5 of the Dungeon
  4666 | D:5      | Noticed Pikel
  4703 | D:4      | Killed Pikel
  4704 | D:4      | Reached XP level 8. HP: 17/62 MP: 9/9
  5392 | D:5      | Noticed Menkaure
  5869 | D:5      | Killed Menkaure
  5870 | D:5      | Reached XP level 9. HP: 71/71 MP: 10/10
  5930 | D:5      | Noticed Eustachio
  6109 | D:5      | Noticed Eustachio
  6109 | D:5      | Eustachio changed into Eustachio the swamp drake
  6128 | D:5      | Killed Eustachio the swamp drake
  6631 | D:2      | Bought a +2 cloak of willpower for 279 gold pieces
  7301 | D:6      | Noticed a two-headed ogre
  7310 | D:6      | Killed a two-headed ogre
  7711 | D:6      | Reached skill level 10 in Fighting
  7714 | D:6      | Reached XP level 10. HP: 51/84 MP: 11/11
  8021 | D:7      | Found a sacrificial altar of Ru.
  8189 | D:7      | Reached skill level 6 in Long Blades
  8541 | D:7      | Noticed Maggie
  8556 | D:7      | Killed Maggie
  8557 | D:7      | Reached skill level 7 in Long Blades
  9413 | D:8      | Reached skill level 8 in Long Blades
  9439 | D:8      | Found a glowing golden altar of the Shining One.
 10158 | D:8      | Found a sparkling altar of Nemelex Xobeh.
 10314 | D:8      | Reached skill level 9 in Long Blades
 10343 | D:8      | Found Acuf's Distillery.
 10360 | D:8      | Bought a potion of heal wounds for 60 gold pieces
 10361 | D:8      | Bought a potion of heal wounds for 60 gold pieces
 10795 | D:8      | Learned a level 4 spell: Iskenderun's Mystic Blast
 11041 | D:9      | Reached skill level 10 in Long Blades
 11050 | D:9      | Reached XP level 11. HP: 54/90 MP: 12/12
 11419 | D:9      | Reached skill level 11 in Long Blades
 12086 | D:9      | Noticed an oklob plant
 12339 | D:9      | Got the Catalogue of Shape Shifting
 12728 | D:2      | Bought a +1 helmet of see invisible for 214 gold pieces
 13049 | D:10     | Entered Level 10 of the Dungeon
 13050 | D:10     | Found a glowing silver altar of Zin.
 13073 | D:10     | Reached skill level 12 in Long Blades
 13077 | D:10     | Noticed a two-headed ogre
 13159 | D:10     | Found a staircase to the Lair.
 13159 | D:10     | Noticed a death yak
 13160 | D:10     | Noticed a death yak
 13160 | D:10     | Noticed a death yak
 13160 | D:10     | Noticed a death yak
 13160 | D:10     | Noticed a death yak
 13160 | D:10     | Noticed a death yak
 13179 | D:9      | Killed a death yak
 13442 | D:10     | a two-headed ogre changed into a yaktaur
 13848 | Temple   | Fell from the grace of Ignis
 13848 | Temple   | Became a worshipper of Elyvilon the Healer
 14315 | D:10     | Killed a death yak
 14316 | D:10     | Reached skill level 13 in Long Blades
 14349 | D:10     | Killed a death yak
 14350 | D:10     | Reached XP level 12. HP: 86/97 MP: 13/13
 14373 | D:10     | Killed a death yak
 14540 | D:10     | Killed a death yak
 14566 | D:10     | You are sucked into a shaft and drop 2 floors!
 14566 | D:12     | Found a staircase to the Orcish Mines.
 14594 | D:11     | Found a flagged portal.
 14906 | D:10     | Killed a death yak
 14907 | D:10     | Reached skill level 14 in Long Blades
 15027 | Bailey   | Entered a bailey
 15375 | Bailey   | Slain by a fire elemental

Illustrated notes

Levels and vault maps discovered:
D:1:      minmay_arrival_diagonal_passages, layout_loops_ring, serial_shops,
          nicolae_shop_behind_doors, shapermc_ecumenical_altar_rom_forum
D:2:      minmay_spotlight, layout_basic, serial_shops, nicolae_shop_crystal,
          uniq_crazy_yiuf_cottage, uniq_robin
D:3:      layout_loops_ring, lemuel_blue_sif_altar,
          gammafunk_temple_overflow_wave, grunt_decor_fettered,
          minmay_starry_boxes
D:4:      minmay_recursive_quarters, layout_basic,
          minmay_temple_entry_sparse_star
D:5:      layout_cave_pools, nicolae_ossuary_entry_false_entrances,
          uniq_eustachio, uniq_pikel, uniq_menkaure
D:6:      layout_basic
D:7:      layout_loops_cross, hangedman_ru_absence, uniq_maggie
D:8:      layout_loops_corners, mainiacjoe_overflow_alcove_1,
          mainiacjoe_overflow_tiny_flanked, serial_shops, shop, serial_undead,
          serial_undead_f, serial_undead_d, serial_undead_c, serial_undead_e,
          serial_undead_a, serial_undead_b
D:9:      layout_grid_maze, introduction_to_nature_2
D:10:     layout_basic, mainiacjoe_overflow_concentric_impassable,
          mainiacjoe_overflow_alcove_4, dpeg_lair_monsters,
          nicolae_twisting_strands, fountainhead
D:11:     giant_chief_lemuel, layout_irregular_city, enter_bailey_6,
          uniq_fannar, uniq_erolcha
D:12:     layout_rooms, david_orc_3, serial_co_window_serial,
          co_window_corner_a, co_window_paths_b, co_window_corner_a,
          co_window_of_opportunity_a, co_window_corner_a, co_window_cross_3,
          co_window_of_opportunity_b, co_window_paths_c, co_window_broadway_c,
          co_window_corner_cb, co_window_broadway_b, co_window_corner_b
Temple:   eino_temple_lava
Bailey:   bailey_polearm_flooded_kennysheep, bailey

Skill      XL: |  1  2  3  4  5  6  7  8  9 10 11 12 |
---------------+-------------------------------------+-----
Long Blades    | 4 5 10 13 14 | 14.3
Fighting       | 4 5 6 10 | 10.0
Armour         | 3 5 |  5.0
Evocations     | 4 |  4.0
Dodging        | 3 |  3.5
Spellcasting   | |  1.0
Fire Magic     | |  3.0

Action                   |  1- 3 |  4- 6 |  7- 9 | 10-12 || total
-------------------------+-------+-------+-------+-------++-------
Melee: Falchion          |    81 |   203 |   325 |   628 ||  1237
       Unarmed           |       |    10 |       |       ||    10
       Great sword       |       |       |       |    12 ||    12
 Fire: Hand crossbow     |       |       |       |   216 ||   216
Throw: Javelin           |       |     9 |     3 |     5 ||    17
 Cast: Scorch            |    17 |     3 |       |       ||    20
Invok: Sea of Fire       |     1 |       |       |       ||     1
       Foxfire Swarm     |       |     3 |     5 |     3 ||    11
Evoke: Wand              |       |       |     1 |    12 ||    13
  Use: Scroll            |     2 |     5 |     4 |     8 ||    19
       Potion            |       |       |     8 |     5 ||    13
 Stab: Sleeping          |       |     2 |     1 |     3 ||     6
Armor: Robe              |    18 |       |       |       ||    18
       Ring mail         |    21 |   138 |   127 |       ||   286
       Leather armour    |       |       |    36 |   282 ||   318
       Skin              |       |       |       |    35 ||    35
Dodge: Dodged            |    61 |   142 |   196 |   449 ||   848

Table legend: (Time is in decaauts)
 A = Elapsed time spent in this place.
 B = Non-inter-level travel time spent in this place.
 C = Inter-level travel time spent in this place.
 D = Time resting spent in this place.
 E = Time spent auto-exploring this place.
 F = Levels seen in this place.
 G = Mean time per level.
                   A        B        C        D        E       F      G
               +--------+--------+--------+--------+--------+-----+--------+
         Total |  15422 |  14292 |   1130 |   3819 |   6271 |  14 | 1101.6 |
       Dungeon |  15002 |  13891 |   1111 |   3584 |   6213 |  12 | 1250.2 |
        Temple |     86 |     68 |     18 |      0 |     47 |   1 |   86.0 |
        Bailey |    333 |    333 |      0 |    235 |     11 |   1 |  333.0 |
               +--------+--------+--------+--------+--------+-----+--------+

Top non-repeatable levels by time:
     D:9: 2072 daAuts
     D:8: 1814 daAuts
     D:5: 1511 daAuts
     D:4: 1498 daAuts
     D:7: 1417 daAuts
     D:6: 1342 daAuts
     D:3: 1336 daAuts
     D:2: 1314 daAuts
     D:1: 1305 daAuts
    D:10: 1133 daAuts
  Bailey: 333 daAuts
    D:11: 243 daAuts
  Temple: 86 daAuts
    D:12: 10 daAuts
